 Dungeon Sprint DCSS version 0.31.0-9-g3a7656b989 (webtiles) character file.

Game seed: 4236272939978577135

28471 Heoruswealwe the Minotaur Porcupine (level 13, -7/145 HPs)
             Began as a Minotaur Fighter on Feb 2, 2024.
             Was an Initiate of Gozag.
             Mangled by a spark wasp (12 damage)
             ... in the Dungeon (Sprint IX: "|||||||||||||||||||||||||||||").
             The game lasted 00:30:12 (3388 turns).

Heoruswealwe the Minotaur Porcupine (MiFi)          Turns: 3388, Time: 00:30:12

Health: -7/145     AC: 23    Str: 27    XL:     13   Next: 9%
Magic:  12/12      EV:  9    Int:  5    God:    Gozag
Gold:   674        SH:  0    Dex: 12    Spells: 12/12 levels left

rFire   + . .        b - +2 halberd (venom)
rCold   + . .        (shield currently unavailable)
rNeg    . . .        c - +1 gold dragon scales
rPois   +            g - +0 hat {SInv}
rElec   .            h - +2 cloak {Stlth+}
rCorr   .            f - +0 pair of gloves {Dex+3}
SInv    +            e - +1 pair of boots
Will    .....        (no amulet) Stlth
                     k - +2 ring of protection
HPRegen 0.44/turn    j - +2 ring of evasion
MPRegen 0.13/turn

%: no teleportation
@: on fire, corroded, glowing
A: horns 2, retaliatory headbutt
a: Renounce Religion, Potion Petition, Call Merchant, Bribe Branch


You were in the Dungeon.
You worshipped Gozag.
Gozag was pleased with you.
You visited 1 branch You collected 11953 gold pieces.
You spent 7081 gold pieces at shops.
You paid 4198 gold pieces to Gozag.

Inventory:

Hand Weapons
 a - a +0 trident
 b - a +2 halberd of venom (weapon)
Armour
 c - +1 gold dragon scales (worn)
 d - a +0 buckler
 e - a +1 pair of boots (worn)
 f - a +0 pair of gloves of dexterity (worn)
 g - a +0 hat of see invisible (worn)
 h - a +2 cloak of stealth (worn)
 A - the +0 toga "Victory" {*Victory Clar}
   (You bought it in a shop in the Dungeon)

   *Victory:  When the wearer kills a threatening monster, it has a chance to
   gain +1 AC, +1 Slay, and +1 Int, capping at +7.
   When the wearer uses a scroll or a potion with a hostile monster in sight,
   its bonuses reset to +0.
   Unequipping it also resets its bonuses to +0.
   Clar:      It protects you from confusion, rage, mesmerisation and fear.
 B - the +6 lightning scales {swift, rElec}
   (You bought it in a shop in the Dungeon)

   Swift:     It allows the wearer to cover ground more swiftly.
   rElec:     It insulates you from electricity.
Jewellery
 j - a +2 ring of evasion (right hand)
 k - a +2 ring of protection (left hand)
Wands
 i - a wand of mindburst (11)
 m - a wand of iceblast (10)
 t - a wand of charming (14)
 x - a wand of acid (3)
Scrolls
 p - 5 scrolls of enchant weapon
 s - 2 scrolls of identify
 y - 2 scrolls of enchant armour
Potions
 l - a potion of curing
 n - 4 potions of might
 q - a potion of haste
 w - a potion of cancellation
 z - a potion of berserk rage
Miscellaneous
 u - a sack of spiders
 v - a tin of tremorstones (2/2)


   Skills:
 + Level 21.7 Fighting
 O Level 27 Polearms
 + Level 21.7 Armour
 - Level 3.6 Shields


You had 12 spell levels left.
You didn't know any spells.
Your spell library was empty.

Dungeon Overview and Level Annotations

Branches:
Dungeon (1/1)

Altars:
Cheibriados
Dithmenos
Elyvilon
Fedhas
Gozag
Hepliaklqana
Kikubaaqudgha
Makhleb
Nemelex Xobeh
Okawaru
Qazlal
Ru
Sif Muna
Trog
Uskayaw
Vehumet
Wu Jian
Xom
Yredelemnul
Zin
The Shining One
Jiyva
Lugonu

Shops:
D (**[**[[(


Innate Abilities, Weirdness & Mutations

You have a pair of horns on your head.
You reflexively headbutt those who attack you in melee.


Message History

You feel better. The liquid fire burns you!
* * * LOW HITPOINT WARNING * * *
You shake off some of the fire as you move.
The liquid fire burns you!
* * * LOW HITPOINT WARNING * * *
You feel better. The liquid fire burns you!
* * * LOW HITPOINT WARNING * * *
You feel better. The liquid fire burns you!
* * * LOW HITPOINT WARNING * * *
You feel better. The liquid fire burns you!
* * * LOW HITPOINT WARNING * * *
You feel better. The liquid fire burns you!
* * * LOW HITPOINT WARNING * * *
You slice the spark wasp!!
The spark wasp looks as sick as possible!
The spark wasp is moderately wounded.
The liquid fire burns you!
* * * LOW HITPOINT WARNING * * *
The spark wasp stings you but does no damage.
You impale the spark wasp!!
The spark wasp looks as sick as possible!
Your headbutt misses the spark wasp.
The spark wasp is severely wounded.
The liquid fire burns you!
* * * LOW HITPOINT WARNING * * *
The spark wasp stings you!
* * * LOW HITPOINT WARNING * * *
The spark wasp shocks you!
* * * LOW HITPOINT WARNING * * *
You feel better. The liquid fire burns you!
* * * LOW HITPOINT WARNING * * *
The spark wasp stings you!
You die...
Your body crumbles into a pile of gold.

▓.▓.▓.▓.▓.▓.▓'▓.▓.▓
▓.▓.▓.▓.▓.▓.▓.▓.▓.▓
▓.▓.▓'▓.▓.▓.▓.▓.▓y▓
▓.▓.▓.▓.▓.▓.▓.▓.▓.▓
▓.▓.▓.▓.▓.▓.▓.▓.▓.▓
▓)▓.▓.▓.▓.▓.▓.▓.▓.▓
▓.▓.▓.▓.▓.▓.▓.▓.▓.▓
▓.▓.▓.▓.▓.▓.▓.▓.▓.▓
▓.▓.▓.▓.▓.▓.▓.▓@▓.▓
▓<▓...▓...▓...▓.y.▓
▓▓▓▓▓▓▓▓▓▓▓▓▓▓▓▓▓▓▓


You could see a spark wasp (extremely poisoned).

Vanquished Creatures
  Gastronok (D)
  A stone giant (D)
  2 dire elephants (D)
  Erolcha (D)
  3 ice dragons (D)
  A spriggan air mage (D)
  A hydra (D)
  4 centaur warriors (D)
  7 ogre magi (D)
  4 two-headed ogres (D)
  A death yak (D)
  A catoblepas (D)
  A tengu warrior (D)
  A skeletal warrior (D)
  A sun moth (D)
  An orc knight (D)
  A deep elf pyromancer (D)
  An ugly thing (D)
  A manticore (D)
  Maurice (D)
  2 black mambas (D)
  6 elephants (D)
  A cane toad (D)
  A tengu conjurer (D)
  An efreet (D)
  2 rime drakes (D)
  A komodo dragon (D)
  Psyche (D)
  2 trolls (D)
  2 blink frogs (D)
  A dream sheep (shapeshifter) (D)
  2 yaks (D)
  A wyvern (D)
  A wraith (D)
  A basilisk (D)
  3 water moccasins (D)
  12 orc warriors (D)
  3 ogres (D)
  A wolf (D)
  A centaur (D)
  A phantom (D)
  3 bullfrogs (D)
  A bombardier beetle (D)
  3 orc priests (D)
  3 orc wizards (D)
  A gnoll (D)
  2 adders (D)
  An ufetubus (D)
  6 orcs (D)
  2 kobolds (D)
  A bat (D)
  A goblin (D)
105 creatures vanquished.

Vanquished Creatures (others)
  An unseen horror (D)
1 creature vanquished.

Grand Total: 106 creatures vanquished

Notes
Turn   | Place    | Note
-------+----------+-------------------------------------------
     0 | D        | Heoruswealwe the Minotaur Fighter began the quest for the
                  | Orb.
     0 | D        | Reached XP level 1. HP: 19/19 MP: 0/0
     7 | D        | Reached skill level 4 in Polearms
     7 | D        | Reached XP level 2. HP: 26/28 MP: 1/1
    24 | D        | Noticed a bombardier beetle
    24 | D        | Noticed a phantom
    30 | D        | Reached skill level 5 in Polearms
    36 | D        | Killed a phantom
    37 | D        | Reached skill level 7 in Polearms
    37 | D        | Reached XP level 3. HP: 31/37 MP: 2/2
    37 | D        | Reached XP level 4. HP: 37/44 MP: 3/3
    48 | D        | Reached skill level 8 in Polearms
    51 | D        | Reached XP level 5. HP: 35/52 MP: 4/4
    55 | D        | Found a snail-covered altar of Cheibriados.
    55 | D        | Found a shadowy altar of Dithmenos.
    55 | D        | Found a white marble altar of Elyvilon.
    55 | D        | Found a blossoming altar of Fedhas.
    55 | D        | Found an opulent altar of Gozag.
    56 | D        | Found a hazy altar of Hepliaklqana.
    57 | D        | Found a viscous altar of Jiyva.
    58 | D        | Found an ancient bone altar of Kikubaaqudgha.
    59 | D        | Found a corrupted altar of Lugonu.
    60 | D        | Found a burning altar of Makhleb.
    61 | D        | Found a sparkling altar of Nemelex Xobeh.
    62 | D        | Found an iron altar of Okawaru.
    63 | D        | Became a worshipper of Gozag Ym Sagoz the Greedy
    64 | D        | Found a stormy altar of Qazlal.
    65 | D        | Found a sacrificial altar of Ru.
    66 | D        | Found a shimmering blue altar of Sif Muna.
    67 | D        | Found a bloodstained altar of Trog.
    68 | D        | Found a hide-covered altar of Uskayaw.
    69 | D        | Found a radiant altar of Vehumet.
    70 | D        | Found an ornate altar of the Wu Jian Council.
    71 | D        | Found a shimmering altar of Xom.
    72 | D        | Found a basalt altar of Yredelemnul.
    73 | D        | Found a glowing silver altar of Zin.
    74 | D        | Found a glowing golden altar of the Shining One.
   131 | D        | Noticed a wraith
   131 | D        | Noticed a yak
   131 | D        | Noticed a centaur
   131 | D        | Noticed a troll
   131 | D        | Noticed a wyvern
   131 | D        | Noticed a yak
   136 | D        | Killed a yak
   137 | D        | Reached skill level 11 in Polearms
   137 | D        | Reached XP level 6. HP: 57/62 MP: 5/5
   138 | D        | Killed a wyvern
   139 | D        | Reached skill level 12 in Polearms
   144 | D        | Killed a troll
   145 | D        | Reached skill level 10 in Fighting
   145 | D        | Reached skill level 13 in Polearms
   145 | D        | Reached skill level 10 in Armour
   145 | D        | Reached XP level 7. HP: 18/73 MP: 6/6
   148 | D        | Reached skill level 14 in Polearms
   218 | D        | Killed a wraith
   223 | D        | Killed a yak
   224 | D        | Reached XP level 8. HP: 36/82 MP: 7/7
   363 | D        | Noticed a centaur warrior
   363 | D        | Noticed a troll
   363 | D        | Noticed a manticore
   363 | D        | Noticed a tengu warrior
   363 | D        | Noticed an efreet
   368 | D        | Killed an efreet
   369 | D        | Reached skill level 15 in Polearms
   372 | D        | HP: 1/83 [tengu warrior/+3 great mace (21)]
   377 | D        | Killed a tengu warrior
   378 | D        | Reached skill level 16 in Polearms
   575 | D        | Killed a manticore
   576 | D        | Reached skill level 17 in Polearms
   576 | D        | Reached XP level 9. HP: 92/92 MP: 8/8
   578 | D        | Killed an unseen horror
   585 | D        | Killed a centaur warrior
   586 | D        | Reached skill level 18 in Polearms
   587 | D        | Killed a troll
   781 | D        | Noticed Psyche
   788 | D        | Killed Psyche
   905 | D        | Noticed a cane toad
   905 | D        | Noticed a komodo dragon
   905 | D        | Noticed a rime drake
   915 | D        | Reached skill level 19 in Polearms
   917 | D        | Killed a rime drake
   919 | D        | Killed a komodo dragon
   920 | D        | Reached XP level 10. HP: 92/104 MP: 9/9
   925 | D        | Killed a cane toad
   938 | D        | Reached skill level 20 in Polearms
  1091 | D        | Noticed a death yak
  1091 | D        | Noticed a black mamba
  1091 | D        | Noticed a black mamba
  1093 | D        | Noticed an eight-headed hydra
  1097 | D        | Killed a black mamba
  1098 | D        | Reached skill level 15 in Fighting
  1098 | D        | Reached skill level 15 in Armour
  1105 | D        | Killed a black mamba
  1134 | D        | Killed a death yak
  1141 | D        | Killed a 13-headed hydra
  1142 | D        | Reached skill level 21 in Polearms
  1391 | D        | Noticed an elephant
  1391 | D        | Noticed an elephant
  1391 | D        | Noticed an elephant
  1391 | D        | Noticed an elephant
  1391 | D        | Noticed an elephant
  1391 | D        | Noticed a dire elephant
  1400 | D        | Killed a dire elephant
  1401 | D        | Reached skill level 22 in Polearms
  1401 | D        | Reached XP level 11. HP: 74/115 MP: 10/10
  1421 | D        | Noticed a dire elephant
  1448 | D        | Killed a dire elephant
  1449 | D        | Reached skill level 23 in Polearms
  1749 | D        | Noticed Erolcha
  1751 | D        | Noticed Gastronok
  1756 | D        | Killed Erolcha
  1769 | D        | Killed Gastronok
  1970 | D        | Reached skill level 24 in Polearms
  1986 | D        | Noticed an orc knight
  2005 | D        | Killed an orc knight
  2136 | D        | Found Cyngec's Antique Armour Boutique.
  2136 | D        | Noticed an ogre mage
  2136 | D        | Noticed a two-headed ogre
  2136 | D        | Noticed a two-headed ogre
  2136 | D        | Noticed an ogre mage
  2136 | D        | Noticed a two-headed ogre
  2139 | D        | Noticed an ogre mage
  2145 | D        | Killed an ogre mage
  2152 | D        | Killed a two-headed ogre
  2155 | D        | Killed a two-headed ogre
  2156 | D        | Reached skill level 25 in Polearms
  2156 | D        | Reached XP level 12. HP: 47/128 MP: 11/11
  2157 | D        | Noticed an ogre mage
  2159 | D        | Killed an ogre mage
  2164 | D        | Killed a two-headed ogre
  2172 | D        | Killed an ogre mage
  2179 | D        | Killed an ogre mage
  2372 | D        | Found Omomi's Assorted Antiques.
  2376 | D        | Found Xifa's General Store.
  2380 | D        | Found Ycatauth's Antique Armour Shop.
  2382 | D        | Noticed a two-headed ogre
  2383 | D        | Noticed an ogre mage
  2396 | D        | Killed a two-headed ogre
  2416 | D        | Killed an ogre mage
  2417 | D        | Reached skill level 26 in Polearms
  2423 | D        | Noticed an ogre mage
  2435 | D        | Killed an ogre mage
  2491 | D        | Bought a pair of glowing gloves for 225 gold pieces
  2491 | D        | Bought the +0 toga "Victory" {*Victory Clar} for 1800 gold
                  | pieces
  2491 | D        | Found the +0 toga "Victory" {*Victory Clar}
  2491 | D        | Bought a glowing cloak for 225 gold pieces
  2524 | D        | Bought a sapphire potion for 18 gold pieces
  2524 | D        | Bought a fuming cyan potion for 18 gold pieces
  2524 | D        | Bought a potion of curing for 63 gold pieces
  2530 | D        | Bought a scroll of identify for 20 gold pieces
  2530 | D        | Bought a tin of tremorstones (2/2) for 400 gold pieces
  2530 | D        | Bought a potion of brilliance for 40 gold pieces
  2530 | D        | Bought a wand of acid (3) for 126 gold pieces
  2530 | D        | Bought a potion of might for 40 gold pieces
  2532 | D        | Bought the +6 lightning scales {swift, rElec} for 1608 gold
                  | pieces
  2532 | D        | Found the +6 lightning scales {swift, rElec}
  2578 | D        | Bought a scroll of identify for 26 gold pieces
  2578 | D        | Bought +1 gold dragon scales for 1131 gold pieces
  2578 | D        | Bought a scroll of enchant weapon for 97 gold pieces
  2578 | D        | Bought a potion of curing for 39 gold pieces
  2578 | D        | Bought a potion of cancellation for 104 gold pieces
  2578 | D        | Bought a scroll of identify for 26 gold pieces
  2620 | D        | Bought a scroll labelled XEOSKOTY WODAO for 25 gold pieces
  2620 | D        | Bought a scroll of identify for 50 gold pieces
  2620 | D        | Bought a sack of spiders for 1000 gold pieces
  2689 | D        | Noticed Maurice
  2698 | D        | Killed Maurice
  2899 | D        | Noticed a centaur warrior
  2899 | D        | Noticed an ogre mage
  2899 | D        | Noticed a catoblepas
  2899 | D        | Noticed a centaur warrior
  2905 | D        | Killed a centaur warrior
  2926 | D        | Noticed a centaur warrior
  2940 | D        | Noticed an ice dragon
  2973 | D        | Killed a catoblepas
  2977 | D        | Killed an ogre mage
  2984 | D        | Killed a centaur warrior
  2989 | D        | Reached skill level 27 in Polearms
  2994 | D        | Killed a centaur warrior
  3000 | D        | Killed an ice dragon
  3001 | D        | Noticed an ice dragon
  3002 | D        | Noticed a spriggan air mage
  3005 | D        | Noticed an ice dragon
  3009 | D        | Noticed a stone giant
  3013 | D        | Killed an ice dragon
  3025 | D        | Killed a spriggan air mage
  3039 | D        | Killed a stone giant
  3040 | D        | Reached XP level 13. HP: 61/143 MP: 12/12
  3354 | D        | Noticed a spark wasp
  3387 | D        | HP: 4/145 [spark wasp (15)]
  3388 | D        | Mangled by a spark wasp

Illustrated notes

Levels and vault maps discovered:
D:        linesprint [early_d, line_temple, items_1, d_10, items_2, lair_1,
          lair_end, items_3, orc_1, orc_end, items_4, d_15, swamp_1, shoals_1,
          snake_1, spider_1, d_20, vaults_1, items_5, swamp_end, shoals_end,
          snake_end, spider_end, vaults_end, d_27, items_6, zot_1, zot_end,
          crypt_end, forest_end, elf_end, slime_end, tomb_end, abyss_end,
          pan_hell_end]

Skill      XL: |  1  2  3  4  5  6  7  8  9 10 11 12 |
---------------+-------------------------------------+-----
Fighting       | 4 6 7 8 10 11 12 14 16 18 21 | 21.7
Polearms       | 4 7 8 11 13 14 17 19 22 25 27 | 27.0
Armour         | 4 6 7 8 10 11 12 14 16 18 21 | 21.7
Shields        | |  3.6

Action                     |  1- 3 |  4- 6 |  7- 9 | 10-12 | 13-15 || total
---------------------------+-------+-------+-------+-------+-------++-------
  Melee: Trident           |    24 |    13 |       |       |       ||    37
         Headbutt          |     5 |     3 |     8 |    69 |     6 ||    91
         Halberd           |       |    13 |    50 |   312 |    24 ||   399
 Invoke: Call Merchant     |       |       |       |     3 |     2 ||     5
    Use: Potion            |       |       |     1 |    11 |    10 ||    22
         Scroll            |       |       |       |     3 |     2 ||     5
   Stab: Distracted        |       |     1 |       |     3 |       ||     4
         Petrified         |       |       |       |     5 |       ||     5
 Armour: Scale mail        |    12 |    10 |       |       |       ||    22
         Chain mail        |       |    11 |    39 |   138 |       ||   188
         Gold dragon scale |       |       |       |   108 |    30 ||   138
  Dodge: Dodged            |    12 |    12 |    16 |    77 |    16 ||   133
  Block: Buckler           |     5 |     3 |       |       |       ||     8
